 Dungeon Crawl Stone Soup version 0.21.1-1-g345015f (webtiles) character file.

114 Mirai the Skirmisher (level 4, 0/41 HPs)
             Began as a Minotaur Fighter on Mar 20, 2018.
             Slain by a black bear (5 damage)
             ... on level 3 of the Dungeon.
             The game lasted 00:05:19 (1432 turns).

Mirai the Skirmisher (Minotaur Fighter)             Turns: 1432, Time: 00:05:20

Health: 0/41       AC:  4    Str: 26    XL:     4   Next: 66%
Magic:  12/12      EV:  9    Int:  5    God:
Gold:   97         SH: 10    Dex: 10    Spells: 3/3 levels left

rFire    . . .     SeeInvis .   a - +0 war axe
rCold    . . .     Gourm    .   c - +0 shield
rNeg     . . .     Faith    .   j - +1 leather armour {rPois}
rPois    +         Spirit   .   (helmet restricted)
rElec    .         Reflect  .   (no cloak)
rCorr    .         Harm     .   (no gloves)
MR       .....                  (no boots)
Stlth    ++........             (no amulet)
HPRegen  0.13/turn              g - ring of magical power
MPRegen  0.13/turn              n - ring of stealth

@: mighty
A: retaliatory headbutt, horns 2
a: no special abilities


You were on level 3 of the Dungeon.
You were not hungry.

You visited 1 branch of the dungeon, and saw 3 of its levels.

You collected 97 gold pieces.

Inventory:

Hand Weapons
 a - a +0 war axe (weapon)
Armour
 c - a +0 shield (worn)
 j - a +1 leather armour of poison resistance (worn)
 q - a +0 plate armour
Jewellery
 g - a ring of magical power (left hand)
 n - a ring of stealth (right hand)
Scrolls
 b - a scroll of amnesia {unknown}
 e - 2 scrolls of teleportation {unknown}
 h - 3 scrolls of identify {unknown}
 l - a scroll of enchant weapon {unknown}
 m - a scroll of remove curse {unknown}
 o - a scroll of fear {unknown}
Potions
 i - a potion of degeneration {unknown}
 k - a potion of invisibility {unknown}
Comestibles
 f - 4 rations
 p - 16 chunks of flesh


   Skills:
 + Level 4.3 Fighting
 + Level 4.1 Axes
 + Level 4.2 Armour
 * Level 2.0 Dodging
 - Level 3.8 Shields


You had 3 spell levels left.
You didn't know any spells.

Dungeon Overview and Level Annotations

Branches:
Dungeon (3/15)

Altars:


Innate Abilities, Weirdness & Mutations

You reflexively headbutt those who attack you in melee.
You have a pair of horns on your head.


Message History

The black bear bites you but does no damage.
The black bear claws you. x2
You hit the black bear. You headbutt the black bear.
The black bear is moderately wounded.
The black bear bites you. The black bear claws you.
* * * LOW HITPOINT WARNING * * *
The black bear claws you.
* * * LOW HITPOINT WARNING * * *
You hit the black bear but do no damage.
You headbutt the black bear!
The black bear is severely wounded.
You block the black bear's attack. x2; The black bear claws you.
* * * LOW HITPOINT WARNING * * *
You block the black bear's attack.
The black bear claws you but does no damage.
The black bear claws you.
* * * LOW HITPOINT WARNING * * *
You feel very mighty all of a sudden. The black bear bites you.
You die...

#. ....# .##.#.#
...#r#
#..#.#+##### #
#...........
#.##.#........ ..#
#.............
#...####h#########
#.....@....#
##.....)...#
##..##.#### ##.
#.# # #.# #.#
######## # #.#
#......# +..#.#
#.####.#
+..#.#####'####'##


You could see a black bear.

Vanquished Creatures
  7 adders
  A worm (D:2)
  2 dart slugs
  A leopard gecko (D:2)
  5 orcs (D:3)
  7 bats
  A giant cockroach (D:1)
  2 goblins
  2 hobgoblins
  4 jackals (D:2)
  A quokka (D:2)
  2 frilled lizards
  5 kobolds
  2 rats (D:2)
42 creatures vanquished.

Notes
Turn   | Place    | Note
-------+----------+-------------------------------------------
     0 | D:1      | Mirai the Minotaur Fighter began the quest for the Orb.
     0 | D:1      | Reached XP level 1. HP: 19/19 MP: 0/0
   560 | D:2      | Reached XP level 2. HP: 17/27 MP: 0/1
   739 | D:2      | Reached skill level 1 in Dodging
   739 | D:2      | Reached XP level 3. HP: 27/33 MP: 2/2
  1047 | D:2      | Reached XP level 4. HP: 38/40 MP: 3/3
  1421 | D:3      | Noticed a black bear
  1432 | D:3      | Slain by a black bear

Skill      XL: |  1  2  3  4 |
---------------+-------------+-----
Fighting       | 4 |  4.3
Armour         | 4 |  4.2
Dodging        | 1 2 |  2.0
Axes           | 3 4 |  4.1
Shields        | |  3.8

Action                   |  1- 3 |  4- 6 || total
-------------------------+-------+-------++-------
Melee: War axe           |    81 |    28 ||   109
       Headbutt          |     6 |     9 ||    15
  Use: Potion            |       |     1 ||     1
 Stab: Sleeping          |     2 |     1 ||     3
  Eat: Chunk             |     1 |     1 ||     2
Armor: Leather armour    |    45 |     5 ||    50
       Scale mail        |     6 |       ||     6
Dodge: Dodged            |    40 |    10 ||    50
Block: Shield            |    40 |    18 ||    58
